AoeStats
← abraham9501.ash

Migration

503867003Analyzed
1v1 RM · 29d ago on Sep 2, 2026· 41m 35s· 2 players
Game mode
Random Map
Map size
132×132
Population
200
Speed
Normal
Resources
Standard
Victory
Conquest
Starting age
Dark Age
Ending age
Imperial Age
RankedLock teamsTeams togetherTeam positionsShared explorationLock speedFull tech treeHidden civsTurbo modeCheats
Victory
Defeat
🇬🇪 Georgians · Georgia
744
+16
🇻🇪 Vikings · Venezuela
743
-22
abraham9501.ash
12:57 Feudal Age
14:37 Horse Collar
14:45 Double-Bit Axe
22:48 Castle Age
21:01 Town Watch
24:42 Man-at-Arms
25:08 Gambesons
25:24 Squires
25:09 Arson
25:37 Forging
25:28 Scale Mail Armor
25:51 Long Swordsman
27:27 Iron Casting
26:56 Town Patrol
27:10 Bow Saw
27:04 Heavy Plow
27:52 Chain Mail Armor
28:38 Gold Mining
28:39 Loom
30:15 Scale Barding Armor
30:25 Medium Warships
29:56 Fishing Lines
30:29 Stone Mining
32:28 Padded Archer Armor
32:18 Fletching
35:11 Pikeman
Pawua Zoro
8:02 Feudal Age
9:02 Double-Bit Axe
16:57 Loom
20:31 Castle Age
18:24 Horse Collar
18:59 Gold Mining
20:23 Stone Mining
21:50 Bow Saw
27:38 Heavy Plow
28:05 Scale Barding Armor
30:13 Chain Barding Armor
31:05 Stone Shaft Mining
32:39 Forging
34:29 Iron Casting
36:12 Svan Towers
38:38 Husbandry
38:49 Bloodlines
Connection lost

Rejoining the realm…

Still unreachable

The connection could not be restored.

Session expired

The server has moved on; the page needs a fresh start.